 Dungeon Crawl Stone Soup version 0.27.0-1-g7a089689b8 (webtiles) character file.

Game seed: 6265956758619590264

317 inmateoo the Bolt Thrower (level 6, 0/49 HPs)
             Began as a Formicid Hunter on Aug 10, 2021.
             Slain by an iguana (7 damage)
             ... in the Ecumenical Temple.
             The game lasted 00:04:37 (2750 turns).

inmateoo the Bolt Thrower (Formicid Hunter)         Turns: 2750, Time: 00:04:38

Health: 0/49       AC: 10    Str: 17    XL:     6   Next: 74%
Magic:  6/6        EV:  5    Int: 10    God:
Gold:   196        SH:  0    Dex: 13    Spells: 5/5 levels left

rFire    . . .     SeeInvis +   a - +1 hand crossbow
rCold    . . .     Faith    .   (no shield)
rNeg     . . .     Spirit   .   m - +0 plate armour
rPois    .         Reflect  .   (helmet unavailable)
rElec    .         Harm     .   (no cloak)
rCorr    .         Rampage  .   (no gloves)
Will     .....                  (no boots)
Stlth    ..........             (no amulet)
HPRegen  0.16/turn              (no ring)
MPRegen  0.10/turn              (no ring)

@: no status effects
A: permanent stasis, dig shafts and tunnels, antennae 3, four strong arms
a: Dig


You were in the Ecumenical Temple.
You visited 2 branches of the dungeon, and saw 7 of its levels.

You collected 196 gold pieces.

Inventory:

Hand Weapons
 a - a +1 hand crossbow (weapon)
 b - a +0 short sword
Missiles
 d - a bolt (quivered ammo)
Armour
 e - a +0 kite shield
 m - a +0 plate armour (worn)
Scrolls
 f - a scroll of fog {unknown}
 h - a scroll of silence
Potions
 c - a potion of resistance
 k - 2 potions of brilliance


   Skills:
 + Level 4.5 Fighting
 + Level 5.4 Crossbows
 + Level 0.0 Armour
 + Level 3.7 Dodging
 - Level 1.2 Stealth


You had 5 spell levels left.
You didn't know any spells.
Your spell library contained the following spells:

 Spells                   Type           Power      Damage    Failure   Level
 Ensorcelled Hibernation  Hex/Ice        0%         N/A       100%        2
 Spider Form              Tmut/Pois      0%         N/A       100%        3
 Shadow Creatures         Summ           N/A        N/A       100%        6


Dungeon Overview and Level Annotations

Branches:
Dungeon (6/15)             Temple (1/1) D:4

Altars:

Shops:
D:3 [


Innate Abilities, Weirdness & Mutations

You cannot be hasted, slowed, berserked, paralysed or teleported.
You can dig through walls and to a lower floor.
You have a pair of large antennae on your head. (SInv)
Your four strong arms can wield two-handed weapons with a shield.


Message History

You dig through the rock wall.
You dig through the rock wall.
Found a club.
You retract your mandibles.
The bullfrog skeleton hits you but does no damage.
Found a stone staircase leading up.
The bullfrog skeleton hits you.
You see here a +0 club.
There is a staircase to the Ecumenical Temple here.
The iguana bites you.
The gnoll hits you from afar with a +0 spear.
You climb downwards.
Welcome to the Ecumenical Temple!
There is a staircase back to the Dungeon here.
You hit the iguana.
The iguana is lightly wounded.
The iguana bites you. The iguana bites you!
* * * LOW HITPOINT WARNING * * *
You are too injured to fight recklessly!
You hit the iguana but do no damage.
The iguana is lightly wounded.
The iguana barely misses you.
You are too injured to fight recklessly!
You hit the iguana but do no damage.
The iguana is lightly wounded.
The iguana bites you but does no damage.
You are too injured to fight recklessly!
You hit the iguana but do no damage.
The iguana is lightly wounded.
The iguana bites you.
* * * LOW HITPOINT WARNING * * *
a - a +1 hand crossbow (weapon)
Fire: 2 bolts
Press: ? - help, Q - select action, (/) - cycle Shift-Dir - straight line, f - iguana
Aim: an iguana (lightly wounded, 69% to hit)
You shoot a bolt.
The bolt hits the iguana but does no damage.
The iguana is lightly wounded.
The iguana bites you but does no damage.
The iguana bites you!
You die...

♣♣♣♣♣♣ ......
..P...
...P..♣♣♣♣
.........♣♣♣
....P......♣♣
♣..P........♣♣
PPP..@l...P♣
...P.........♣
...........♣♣♣
..P....♣♣♣♣♣
...♣♣♣♣ ♣♣


You could see an iguana.

Vanquished Creatures
  A phantom (D:4)
  A jelly (D:5)
  A hound (D:5)
  A bullfrog skeleton (D:4)
  An orc wizard (D:3)
  3 gnolls (D:6)
  2 adders (D:3)
  5 worms
  A dart slug (D:1)
  An orc (D:6)
  7 bats
  6 endoplasms
  5 giant cockroaches
  5 goblins
  6 hobgoblins
  4 jackals
  7 kobolds
  2 quokkas
  7 ball pythons
  4 frilled lizards
  5 rats
75 creatures vanquished.

Notes
Turn   | Place    | Note
-------+----------+-------------------------------------------
     0 | D:1      | inmateoo the Formicid Hunter began the quest for the Orb.
     0 | D:1      | Reached XP level 1. HP: 16/16 MP: 1/1
    21 | D:1      | Reached XP level 2. HP: 23/23 MP: 2/2
   296 | D:1      | Reached XP level 3. HP: 28/28 MP: 3/3
   569 | D:1      | Found a faded altar of an unknown god.
   859 | D:2      | Reached XP level 4. HP: 35/35 MP: 4/4
  1423 | D:3      | Found Xuenaep's Antique Armour Shoppe.
  1595 | D:3      | Reached XP level 5. HP: 30/41 MP: 5/5
  1812 | D:3      | You fall into a shaft and drop 3 floors!
  1941 | D:6      | HP: 2/42 [gnoll (5)]
  2306 | D:5      | Entered Level 5 of the Dungeon
  2381 | D:5      | Reached skill level 5 in Crossbows
  2540 | D:5      | Reached XP level 6. HP: 48/48 MP: 6/6
  2716 | D:4      | Found a staircase to the Ecumenical Temple.
  2744 | Temple   | Entered the Ecumenical Temple
  2750 | Temple   | Slain by an iguana

Illustrated notes

Levels and vault maps discovered:
D:1:      wander_arrival_desolate, layout_loops_ring,
          hellmonk_ecumenical_altar_inner_sanctum, minmay_ruptured
D:2:      minmay_spotlight, layout_basic, chequers_mini_garden
D:3:      layout_rooms, serial_shops, shop
D:4:      layout_loops_ring, minmay_temple_entry_mini_moons,
          lightli_ossuary_entry_decrepit_ruins, grunt_ministairs_12, st_stairs_3
D:5:      layout_basic
D:6:      layout_basic
Temple:   kilobyte_greek_temple

Skill      XL: |  1  2  3  4  5 |
---------------+----------------+-----
Dodging        | 2 3 |  3.7
Fighting       | 3 4 |  4.5
Crossbows      | 5 |  5.4
Stealth        | |  1.2

Action                   |  1- 3 |  4- 6 || total
-------------------------+-------+-------++-------
Melee: Short sword       |       |   141 ||   141
 Fire: Hand crossbow     |    84 |    26 ||   110
 Abil: Dig               |       |     6 ||     6
       Shaft Self        |       |     1 ||     1
  Use: Scroll            |       |     8 ||     8
       Potion            |       |     4 ||     4
Armor: Leather armour    |     6 |    10 ||    16
       Plate armour      |       |    71 ||    71
Dodge: Dodged            |    10 |    46 ||    56
